 Dungeon Crawl Stone Soup version 0.29-a0-1006-g0dd7720b37 (webtiles) character file.

Game seed: 12965458257572650835

15299 nicolae the Frost Mage (level 12, -5/184 HPs)
             Began as a White Draconian Transmuter on Aug 6, 2022.
             Was a Priest of Wu Jian.
             Slain by a vampire mosquito (7 damage)
             ... on level 2 of the Lair of Beasts.
             The game lasted 00:36:39 (14148 turns).

nicolae the Frost Mage (DrTm)                      Turns: 14148, Time: 00:36:39

Health: -5/184     AC:  8    Str: 12    XL:     12   Next: 0%
Magic:  21/24      EV: 12    Int: 19    God:    Wu Jian [***...]
Gold:   613        SH:  5    Dex: 12    Spells: 2/15 levels left

rFire   . . .      SeeInvis .     - Unarmed
rCold   + + +      Faith    .   (shield currently unavailable)
rNeg    + . .      Spirit   .   (body armour unavailable)
rPois   +          Reflect  +   (helmet currently unavailable)
rElec   +          Harm     .   (cloak currently unavailable)
rCorr   .          Rampage  .   (gloves currently unavailable)
Will    .....                   (boots currently unavailable)
Stlth   ..........              O - amulet of reflection
HPRegen 0.40/turn               H - ring "Loew" {rElec rPois rF+ rN+}
MPRegen 0.19/turn               x - ring of magical power

@: berserking, ice-form, wereblooded, very quick
A: freezing attack, amphibious, boosted hp, (breathe frost), AC +8, large,
unfitting armour, (cold resistance 1), (cold-blooded)
a: End Transformation, Renounce Religion, Wall Jump, Serpent's Lash


You were on level 2 of the Lair of Beasts.
You worshipped Wu Jian.
Wu Jian was most pleased with you.
You were a creature of crystalline ice.
You visited 3 branches of the dungeon, and saw 14 of its levels.

You collected 613 gold pieces.

Inventory:

Hand Weapons
 b - a +6 dagger of freezing (melded)
 f - a +1 whip of flaming
Missiles
 c - 4 boomerangs
 e - 8 atropa-tipped darts
 o - 35 poisoned darts
 C - 6 curare-tipped darts
 J - 2 throwing nets
 M - 3 silver boomerangs
 N - 2 javelins
Armour
 g - a +0 pair of boots (melded)
 m - the +1 hat "Zaocoank" (melded) {Rampage Regen+ rCorr Int-3}
   (You acquired it on level 2 of the Dungeon)

   Int:       It affects your intelligence (-3).
   Regen:     It increases your rate of health regeneration.
   rCorr:     It protects you from acid and corrosion.
   Rampage:   It bestows one free step when moving towards enemies.
 u - a +2 cloak of willpower (melded)
Jewellery
 k - an amulet of faith
 l - an amulet of guardian spirit
 n - a ring of flight
 q - a ring of wizardry
 w - a ring of fire
 x - a ring of magical power (right front paw)
 A - a ring of poison resistance
 D - a ring of ice
 H - the ring "Loew" (left front paw) {rElec rPois rF+ rN+}
   (You found it on level 9 of the Dungeon)

   [ring of protection from fire]

   rF:        It protects you from fire.
   rElec:     It insulates you from electricity.
   rPois:     It protects you from poison.
   rN:        It protects you from negative energy.
 I - a +6 ring of intelligence
 K - a +4 ring of slaying
 O - an amulet of reflection (around neck)
 P - a +4 ring of evasion
 Q - a ring of willpower
 S - a ring of willpower
Wands
 d - a wand of mindburst (9)
 s - a wand of charming (5)
 z - a wand of roots (17)
 F - a wand of acid (9)
 G - a wand of flame (28)
Scrolls
 h - 2 scrolls of magic mapping
 i - 2 scrolls of amnesia
 r - 7 scrolls of teleportation
 t - 4 scrolls of butterflies
 v - 3 scrolls of immolation
 y - a scroll of vulnerability
 R - 3 scrolls of silence
Potions
 a - 2 potions of lignification
 j - 2 potions of attraction
 p - 2 potions of ambrosia
 B - a potion of berserk rage
 E - 2 potions of haste
 L - a potion of cancellation {unknown}


   Skills:
 + Level 8.3 Fighting
 + Level 3.6 Throwing
 + Level 7.9 Dodging
 + Level 8.1 Unarmed Combat
 - Level 2.0 Spellcasting
 - Level 10.0 Transmutations
 - Level 10.0 Ice Magic
 - Level 1.9 Poison Magic
 + Level 4.0 Evocations


You had 2 spell levels left.
You knew the following spells:

 Your Spells              Type           Power      Damage    Failure   Level
a - Beastly Appendage     Tmut           78%        N/A       1%          1
b - Wereblood             Tmut           39%        N/A       1%          2
c - Spider Form           Tmut/Pois      24%        N/A       4%          3
d - Ice Form              Ice/Tmut       39%        N/A       2%          4
e - Frozen Ramparts       Ice            78%        1d12      1%          3

Your spell library contained the following spells:

 Spells                   Type           Power      Damage    Failure   Level
 Necrotise                Necr           4%         1d4       17%         1
 Slow                     Hex            4%         N/A       17%         1
 Static Discharge         Conj/Air       1%         3-4/arc   26%         2
 Summon Ice Beast         Ice/Summ       20%        N/A       22%         4
 Confusing Touch          Hex            1%         N/A       45%         3
 Dazzling Flash           Conj/Hex       2%         N/A       45%         3
 Gell's Gravitas          Tloc           1%         N/A       45%         3
 Teleport Other           Tloc           1%         N/A       45%         3
 Vampiric Draining        Necr           1%         2d6       45%         3
 Corpse Rot               Necr/Pois/Air  4%         N/A       78%         4
 Anguish                  Hex/Necr       0%         N/A       86%         4
 Dispel Undead            Necr           1%         3d6       86%         4
 Iskenderun's Mystic Bla  Conj/Tloc      1%         2d3       86%         4
 Agony                    Necr           1%         N/A       99%         5
 Lightning Bolt           Conj/Air       0%         1d11      99%         5
 Death Channel            Necr           0%         N/A       100%        6
 Dispersal                Tloc           0%         N/A       100%        6
 Starburst                Conj/Fire      0%         6d3       100%        6
 Enfeeble                 Hex            0%         N/A       100%        7
 Maxwell's Capacitive Co  Air            0%         ∞         100%        8


Dungeon Overview and Level Annotations

Branches:
Dungeon (11/15)            Temple (1/1) D:6            Lair (2/5) D:11
 Spider (0/4) Lair:2
  Swamp: Lair:2-3    Shoals: Lair:2-3       Orc: D:9-12

Altars:
Ashenzari
Cheibriados
Dithmenos
Elyvilon
Fedhas
Gozag
Hepliaklqana
Kikubaaqudgha
Makhleb
Nemelex Xobeh
Okawaru
Qazlal
Ru
Sif Muna
Trog
Uskayaw
Vehumet
Wu Jian
Xom
Yredelemnul
Zin
The Shining One

Shops:
D:2 *

Annotations:
D:3 3 runed translucent doors, xian's ghost, amateur SpCj
D:6 2 runed translucent doors


Innate Abilities, Weirdness & Mutations

You are a creature of crystalline ice.
You have a powerful freezing melee attack.
You are amphibious.
Your maximum health is increased.
Your armour is entirely melded.
You are incapable of wielding weapons or throwing items.
((You can breathe waves of freezing cold which knock back foes.))
((Your icy white scales are hard. (AC +8)))
You cannot fit into any form of body armour.
((Your flesh is cold resistant. (rC+)))
((You are cold-blooded and may be slowed by cold attacks.))


Message History

The vampire mosquito barely misses you.
The vampire mosquito closely misses you.
The cane toad stings you.
* * * LOW HITPOINT WARNING * * *
The vampire mosquito bites you!
* * * LOW HITPOINT WARNING * * *
The vampire mosquito draws strength from your injuries!
The vampire mosquito bites you!
* * * LOW HITPOINT WARNING * * *
The vampire mosquito draws strength from your injuries!
You closely miss the vampire mosquito.
The vampire mosquito is severely damaged.
You block the vampire mosquito's attack.
You block the cane toad's attack. The vampire mosquito bites you.
* * * LOW HITPOINT WARNING * * *
The vampire mosquito bites you but does no damage.
You barely miss the vampire mosquito.
The vampire mosquito is severely damaged.
The vampire mosquito bites you!
* * * LOW HITPOINT WARNING * * *
The vampire mosquito draws strength from your injuries!
The vampire mosquito closely misses you.
You block the vampire mosquito's attack.
You pummel the vampire mosquito!! You freeze the vampire mosquito.
You feel a bit better.
You destroy the vampire mosquito!
The Council accepts your kill.
The cane toad stings you but does no damage.
You block the vampire mosquito's attack.
The vampire mosquito bites you.
* * * LOW HITPOINT WARNING * * *
Your Evocations skill increases to level 4!
You have reached level 12!
You feel clever.
Your scales feel tougher.
You punch the cane toad!
The cane toad seems to slow down.
You freeze the cane toad.
The cane toad is almost dead.
You howl as the wereblood boils in your veins!
The vampire mosquito bites you!
You die...

#.### ##..###..#.. ....##
#.....#P...#
.....#####.....P....
......#.#.........(.
....^..............#
..................## .
..................P# ..
...............#YF####...
#.....#......#.yYy.....#.
#....................[...
#........................
###......................
#...................###
######.##.##.........#
#.####.###.###### # # ##
###


You could see a cane toad (slow), 2 vampire mosquitoes and an ice beast.

Vanquished Creatures
  Fannar (D:11)
  2 hydras
  A two-headed ogre (D:9)
  Pikel (D:6)
  An ugly thing (D:11)
  A black mamba (Lair:2)
  2 cane toads (Lair:2)
  A rime drake (Lair:1)
  3 komodo dragons
  A troll (D:10)
  A jumping spider (Lair:2)
  5 slime creatures
  2 culicivoras (Lair:2)
  A basilisk (Lair:1)
  13 yaks
  A wyvern (D:10)
  4 redbacks (Lair:2)
  A vampire mosquito (Lair:2)
  Menkaure (D:6)
  4 steam dragons
  An acid dragon (D:9)
  4 water moccasins
  2 ice beasts (Lair:2)
  An orc warrior (D:9)
  2 black bears
  2 sky beasts
  2 ogres
  3 centaurs
  4 kobold brigands
  A phantom (D:6)
  2 lemures (D:6)
  A gnoll sergeant (D:9)
  8 bullfrogs
  3 scorpions
  4 wights (D:7)
  12 killer bees
  3 howler monkeys (D:9)
  2 jellies
  Crazy Yiuf (D:5)
  7 orc priests
  7 hounds
  3 iguanas
  19 orc wizards
  9 gnolls
  8 adders
  2 shadow imps
  2 white imps
  3 worms
  43 orcs
  12 ball pythons
  6 endoplasms
  3 giant cockroaches
  9 hobgoblins
  11 jackals (D:1)
  17 kobolds
  2 quokkas
  5 bats
  2 frilled lizards
  7 goblins
  3 rats
285 creatures vanquished.

Vanquished Creatures (others)
  3 orc wizards
  15 fungi
  18 plants
36 creatures vanquished.

Grand Total: 321 creatures vanquished

Notes
Turn   | Place    | Note
-------+----------+-------------------------------------------
     0 | D:1      | nicolae the Draconian Transmuter began the quest for the
                  | Orb.
     0 | D:1      | Reached XP level 1. HP: 16/16 MP: 3/3
    79 | D:1      | Reached XP level 2. HP: 11/23 MP: 3/5
   363 | D:1      | Learned a level 2 spell: Wereblood
   686 | D:1      | Reached XP level 3. HP: 29/29 MP: 4/6
   785 | D:1      | Found a faded altar of an unknown god.
   790 | D:1      | Learned a level 3 spell: Spider Form
  1333 | D:2      | Found Ymiegh's Assorted Antiques.
  1496 | D:2      | Found a shimmering blue altar of Sif Muna.
  1507 | D:2      | Reached XP level 4. HP: 31/37 MP: 7/7
  1798 | D:2      | Identified 2 scrolls of acquirement
  1798 | D:2      | Acquired the +1 hat "Zaocoank" {Rampage Regen+ rCorr Int-3}
  1805 | D:2      | Acquired a ring of flight
  2496 | D:3      | Found a runed translucent gate.
  2496 | D:3      | Found a runed translucent gate.
  2496 | D:3      | Noticed xian's ghost (amateur SpCj)
  2497 | D:3      | Found a runed translucent gate.
  2498 | D:3      | Noticed a kobold brigand
  2594 | D:4      | Found a burning altar of Makhleb.
  2614 | D:4      | Reached XP level 5. HP: 34/45 MP: 5/8
  2848 | D:4      | Reached XP level 6. HP: 22/52 MP: 3/9
  3746 | D:4      | Your scales start taking on an icy white colour.
  3746 | D:4      | Reached XP level 7. HP: 57/60 MP: 10/10
  3746 | D:4      | Gained mutation: Your flesh is cold resistant. (rC+) [White
                  | Draconian growth]
  4011 | D:5      | Entered Level 5 of the Dungeon
  4051 | D:5      | Reached skill level 5 in Transmutations
  4057 | D:5      | Reached skill level 5 in Fighting
  4068 | D:5      | HP: 2/91 [orc priest/divine providence (7)]
  4456 | D:5      | Reached skill level 5 in Dodging
  4464 | D:5      | Learned a level 4 spell: Ice Form
  4541 | D:5      | Found a runed translucent door.
  4542 | D:5      | Noticed Crazy Yiuf
  4568 | D:5      | Killed Crazy Yiuf
  4569 | D:5      | Reached skill level 1 in Ice Magic
  5269 | D:5      | Reached XP level 8. HP: 60/68 MP: 11/11
  5564 | D:5      | Reached skill level 5 in Ice Magic
  6087 | D:6      | Found a staircase to the Ecumenical Temple.
  6157 | Temple   | Entered the Ecumenical Temple
  6157 | Temple   | Noticed a smoke demon
  6157 | Temple   | Noticed a Brimstone Fiend
  6157 | Temple   | Noticed a balrug
  6199 | Temple   | Noticed Jiydeqa the pandemonium lord
  6199 | Temple   | Noticed Xahorrit the pandemonium lord
  6200 | Temple   | Noticed a smoke demon
  6228 | Temple   | Noticed a reaper
  6228 | Temple   | Noticed Gouc the pandemonium lord
  6229 | Temple   | Noticed a sun demon
  6249 | Temple   | Became a worshipper of the Wu Jian Council
  6252 | Temple   | Noticed a red devil
  6253 | Temple   | Noticed Culum the pandemonium lord
  6263 | Temple   | Noticed Kyrphygg the pandemonium lord
  6263 | Temple   | Noticed a balrug
  6263 | Temple   | Noticed a soul eater
  6269 | Temple   | Noticed Qediomu the pandemonium lord
  6269 | Temple   | Noticed a balrug
  6846 | D:6      | Noticed Menkaure
  6896 | D:6      | HP: 3/105 [Menkaure (9)]
  6902 | D:6      | Killed Menkaure
  7023 | D:6      | Noticed Pikel
  7038 | D:6      | Killed Pikel
  7039 | D:6      | Reached XP level 9. HP: 75/75 MP: 12/12
  7091 | D:6      | Found a runed translucent door.
  7110 | D:6      | Found a runed translucent door.
  7456 | D:7      | Reached * piety under Wu Jian
  7536 | D:7      | Reached skill level 5 in Unarmed Combat
  7573 | D:7      | Identified the +0 ring mail of the End {Rampage rC+ rN+++
                  | Int-3}
  8343 | D:8      | Reached XP level 10. HP: 82/86 MP: 13/13
  8671 | D:8      | Learned a level 3 spell: Frozen Ramparts
  8732 | D:9      | Identified the ring "Loew" {rElec rPois rF+ rN+}
  8809 | D:9      | Reached skill level 1 in Poison Magic
  8821 | D:9      | Reached ** piety under Wu Jian
  9136 | D:9      | Noticed a two-headed ogre
  9152 | D:9      | Killed a two-headed ogre
  9750 | D:10     | Entered Level 10 of the Dungeon
 10267 | D:10     | Reached skill level 10 in Ice Magic
 10849 | D:11     | Noticed a purple ugly thing
 10858 | D:11     | Killed a purple ugly thing
 10892 | D:11     | Found a staircase to the Lair.
 10974 | D:11     | Reached XP level 11. HP: 69/92 MP: 14/14
 11508 | D:11     | Reached skill level 10 in Transmutations
 11719 | D:11     | Noticed Fannar
 11777 | D:11     | Killed Fannar
 11778 | D:11     | Reached skill level 1 in Throwing
 11778 | D:11     | Reached skill level 1 in Evocations
 12281 | D:11     | Noticed a seven-headed hydra
 12289 | D:11     | Killed a seven-headed hydra
 12510 | Lair:1   | Entered Level 1 of the Lair of Beasts
 12589 | Lair:1   | Reached *** piety under Wu Jian
 13405 | Lair:2   | Found a hole to the Spider Nest.
 13852 | Lair:2   | Noticed an eight-headed hydra
 13863 | Lair:2   | Killed an eight-headed hydra
 14146 | Lair:2   | HP: 3/170 [vampire mosquito (9)]
 14147 | Lair:2   | HP: 1/170 [vampire mosquito (3)]
 14148 | Lair:2   | Reached XP level 12. HP: 2/103 MP: 15/15
 14148 | Lair:2   | Slain by a vampire mosquito

Illustrated notes

Levels and vault maps discovered:
D:1:      minmay_arrival_five_plusses, layout_basic,
          shapermc_ecumenical_altar_mp_urbaneastern, minivault_11
D:2:      layout_rooms, serial_shops, shop, basic_altar, minmay_strange_pillars,
          feat_on_display
D:3:      layout_loops_cross, gammafunk_ghost_nasty_kobolds
D:4:      layout_rooms, bloody_makhleb
D:5:      kennysheep_steamy, layout_basic, serial_curves, eino_curves_03,
          eino_curves_01, eino_curves_04, eino_curves_04,
          lightli_ossuary_entry_decrepit_ruins, minmay_misc_feat_encased,
          uniq_crazy_yiuf_cottage
D:6:      lemuel_insect_pit, layout_basic, temple_statues, due_unseen_surprise,
          uniq_menkaure, uniq_pikel
D:7:      layout_rooms, item_on_display_a
D:8:      layout_basic
D:9:      layout_big_octagon, minivault_24
D:10:     layout_loops_corners
D:11:     layout_loops_cross, david_lair_shrubbed, uniq_fannar
Temple:   nicolae_temple_panitentiary
Lair:1:   layout_long_grid, grunt_megastairs_3, lemuel_fruit_tree,
          infiniplex_staircase_pool_2
Lair:2:   layout_gridlike, minmay_swamp_entry_swarm,
          nicolae_spider_entry_tight_spaces, ice2_lemuel

Skill      XL: |  1  2  3  4  5  6  7  8  9 10 11 |
---------------+----------------------------------+-----
Dodging        | 2 3 4 5 7 |  7.9
Fighting       | 2 3 4 5 6 7 8 |  8.3
Transmutations | 3 4 5 6 7 9 10 | 10.0
Ice Magic      | 4 7 10 | 10.0
Unarmed Combat | 4 6 7 8 |  8.1
Poison Magic   | 1 |  1.9
Throwing       | 3 |  3.6
Evocations     | 4 |  4.0
Spellcasting   | |  2.0

Action                   |  1- 3 |  4- 6 |  7- 9 | 10-12 || total
-------------------------+-------+-------+-------+-------++-------
Melee: Unarmed           |    96 |   197 |   297 |   314 ||   904
       Kick              |    17 |    54 |    31 |     4 ||   106
       Headbutt          |     8 |    25 |    24 |     2 ||    59
       Tailslap          |     9 |    29 |    38 |    22 ||    98
       Punch             |     3 |     3 |    16 |    11 ||    33
       Dagger            |       |       |   130 |   148 ||   278
Throw: Dart              |       |       |     4 |       ||     4
 Cast: Beastly Appendage |    16 |    26 |    14 |     4 ||    60
       Wereblood         |     2 |     2 |    13 |    11 ||    28
       Ice Form          |       |       |     6 |    34 ||    40
       Spider Form       |       |       |     1 |       ||     1
       Frozen Ramparts   |       |       |       |    10 ||    10
Invok: Lunge             |       |       |     7 |    17 ||    24
       Whirlwind         |       |       |       |     8 ||     8
 Abil: Breathe Frost     |       |       |     1 |     2 ||     3
Evoke: Wand              |       |       |     5 |       ||     5
  Use: Scroll            |       |     8 |     9 |     9 ||    26
       Potion            |       |     1 |    11 |     5 ||    17
 Stab: Sleeping          |       |     1 |       |     1 ||     2
       Invisible         |       |       |     1 |       ||     1
Armor: Skin              |    44 |    87 |   220 |   188 ||   539
Dodge: Dodged            |    60 |   130 |   293 |   301 ||   784
Block: Other             |       |       |       |    76 ||    76

Table legend: (Time is in decaauts)
 A = Elapsed time spent in this place.
 B = Non-inter-level travel time spent in this place.
 C = Inter-level travel time spent in this place.
 D = Time resting spent in this place.
 E = Time spent auto-exploring this place.
 F = Levels seen in this place.
 G = Mean time per level.
                   A        B        C        D        E       F      G
               +--------+--------+--------+--------+--------+-----+--------+
         Total |  14089 |  13639 |    450 |   3380 |   7511 |  14 | 1006.4 |
       Dungeon |  12267 |  11856 |    411 |   3231 |   6364 |  11 | 1115.2 |
        Temple |    196 |    177 |     19 |      0 |    109 |   1 |  196.0 |
          Lair |   1625 |   1605 |     20 |    149 |   1038 |   2 |  812.5 |
               +--------+--------+--------+--------+--------+-----+--------+

Top non-repeatable levels by time:
     D:5: 1759 daAuts
     D:4: 1688 daAuts
    D:11: 1472 daAuts
    D:10: 1271 daAuts
     D:1: 1206 daAuts
     D:6: 1075 daAuts
     D:8: 1043 daAuts
  Lair:2: 859 daAuts
     D:9: 856 daAuts
     D:3: 775 daAuts
  Lair:1: 765 daAuts
     D:2: 596 daAuts
     D:7: 522 daAuts
  Temple: 196 daAuts
